Description

Build Probes all the time, only stop at 20 sup until you started your Nexus. The Chronos go on Probes/Robo/Upgrades.

Replay - Core First Standard

Build Order

Get SALT Encoding   

  14  0:17  Pylon  
  15  0:35  Gateway  
  17  0:50  Assimilator  
  20  1:26  Cybernetics Core  
  20  1:37  Nexus  
  21  1:48  Pylon  
  22  2:02  Warp Gate  
  22  2:07  Stalker  
  23  2:32  Pylon  
  23  1:54  Assimilator  
  25  2:21  Gateway  
  27  2:42  Stalker  
  32  3:05  Robotics Facility  
  35  3:16  Stalker  
  39  3:27  Stalker  
  43  3:38  Pylon  
  43  3:47  Pylon  
  45  3:54  Observer  
  46  3:56  Stalker  
  50  4:08  Assimilator x2  
  50  4:10  Stalker  
  54  4:18  Immortal  
  60  4:26  Stalker  
  64  4:40  Stalker  
  66  4:51  Nexus  
  68  4:55  Stalker  
  70  5:29  Immortal (Chrono Boost)  
  70  5:31  Sentry  
  78  5:52  Forge x2  
  78  5:55  Stalker  
  82  6:10  Immortal (Chrono Boost)  
  86  6:20  Gateway x3, Protoss Ground Armor Level 1 (Chrono Boost), Protoss Ground Weapons Level 1 (Chrono Boost), Twilight Council  
  86  6:28  Gateway  
  93  6:49  Immortal  
  100  7:02  Assimilator x2  
  100  7:06  Sentry x2  
  107  7:11  Charge  
  107  7:15  Templar Archives  
  118  7:50  Gateway x2  
  119  8:00  Nexus  
  125  8:13  Immortal  
  131  8:34  High Templar x6  
  131  8:40  Archon x3  
  143  8:48  Robotics Facility  
Spawning Tool Build Advisor. Get it on Overwolf

Go to:

Details

  • Created by: Haaans
  • Published on: May 26, 2020
  • Modified on: May 26, 2020
  • Patch: 4.11.0
  • Difficulty: Easy
Show
View Real Time Build Order
Export as new Build Order

Comments (0)

There are no comments. Be the first!

Create an account to comment!